 Dungeon Crawl Stone Soup version 0.26.1-11-gd32895ea62 (webtiles) character file.

Game seed: 12958283699386983193

3829 Descartes the Grappler (level 9, 0/79 HPs)
             Began as a Troll Chaos Knight on June 19, 2021.
             Was a Plaything of Xom.
             Slain by a spatial maelstrom (13 damage)
             ... on level 1 of the Abyss.
             The game lasted 00:15:15 (6223 turns).

Descartes the Grappler (Troll Chaos Knight)         Turns: 6223, Time: 00:15:15

Health: 0/79       AC: 10    Str: 17 (20) XL:     9   Next: 97%
Magic:  8/8        EV: 13    Int: 10      God:    Xom [....*.]
Gold:   1604       SH:  5    Dex:  9 (10) Spells: 8/8 levels left

rFire    + . .     SeeInvis .     - Unarmed
rCold    + + .     Faith    .   (no shield)
rNeg     . . .     Spirit   .   a - +2 robe
rPois    +         Reflect  +   (helmet restricted)
rElec    .         Harm     .   g - scarf {rC+ rF+}
rCorr    .         Rampage  .   (gloves unavailable)
Will     .....                  (boots unavailable)
Stlth    +.........             z - amulet of reflection
HPRegen  0.63/turn              p - ring of wizardry
MPRegen  0.11/turn              (no ring)

@: no status effects
A: large, unfitting armour, claws 3, iridescent scales 1, blurry vision 1, cold
resistance 1, deterioration 2, frail 1, poison resistance, regeneration 1,
shaggy fur 1, tough skin 3, weak 1
a: Renounce Religion


You were on level 1 of the Abyss.
You worshipped Xom.
You were a beloved toy of Xom.
You visited 1 branch of the dungeon, and saw 7 of its levels.
You visited the Abyss 1 time.

You collected 1747 gold pieces.
You spent 143 gold pieces at shops.

Inventory:

Hand Weapons
 u - a +5 quarterstaff of chaos
 D - a +2 whip of flaming
Missiles
 b - 230 stones (quivered)
 l - 2 throwing nets
 r - 3 javelins
Armour
 a - a +2 robe (worn)
 g - a scarf of resistance (worn)
Jewellery
 p - a ring of wizardry (left claw)
 z - an amulet of reflection (around neck)
Wands
 n - a wand of digging (4)
 s - a wand of random effects (14)
 y - a wand of enslavement (2)
 C - a wand of iceblast (16)
 E - a wand of paralysis (8)
Scrolls
 d - 2 scrolls of identify
 f - 4 scrolls of enchant armour
 h - 2 scrolls of fear
 j - 3 scrolls of remove curse
 q - 4 scrolls of blinking
 w - a scroll of teleportation
 x - 2 scrolls of amnesia
 F - a scroll of enchant weapon
 G - a scroll of brand weapon {unknown}
 H - a scroll of torment {unknown}
 J - 4 scrolls of magic mapping {unknown}
Potions
 c - 4 potions of curing
 e - a potion of might
 i - a potion of brilliance
 k - 4 potions of lignification
 m - a potion of heal wounds
 o - a potion of magic
 t - 3 potions of flight
 A - 2 potions of mutation {unknown}
 B - 2 potions of ambrosia {unknown}
Miscellaneous
 K - a phantom mirror


   Skills:
 - Level 5.0 Fighting
 + Level 8.2 Dodging
 + Level 10.0 Unarmed Combat


You had 8 spell levels left.
You didn't know any spells.
Your spell library contained the following spells:

 Spells                   Type           Power        Failure   Level
 Sandblast                Erth           0%           16%         1
 Passwall                 Tmut/Erth      0%           22%         2
 Stone Arrow              Conj/Erth      0%           41%         3
 Petrify                  Tmut/Erth      0%           80%         4
 Lee's Rapid Deconstruct  Erth           0%           98%         5
 Iron Shot                Conj/Erth      0%           100%        6


Dungeon Overview and Level Annotations

Branches:
Dungeon (7/15)             Temple (0/1) D:6

Altars:
Qazlal
Vehumet

Shops:
D:7 *

Annotations:
D:7 Doot's ghost, novice DECj
Abyss:1 1 runed translucent door


Innate Abilities, Weirdness & Mutations

You are too large for most types of armour.
You have claws for hands.
Your natural rate of healing is unusually fast.
You are covered in fur. (AC +1)
You have extremely tough skin. (AC +3)
You are partially covered in iridescent scales. (AC +2)
Scrolls take you a little longer to read.
Your flesh is cold resistant. (rC+)
Your body often deteriorates upon taking damage.
You are frail. (-10% HP)
Your system is resistant to poisons. (rPois)
You are weak. (Str -2)


Message History

You are too injured to fight recklessly!
You are too injured to fight recklessly!
You are too injured to fight recklessly!
You are too injured to fight recklessly!
Unknown command.
A chorus of shrieks assaults your mind.
Your body deteriorates!
You feel clumsy.
A spatial vortex comes into view.
A starcursed mass splits.
You scratch the spatial maelstrom.
The spatial maelstrom is lightly damaged.
The spatial maelstrom hits you. Space warps horribly around you.
* * * LOW HITPOINT WARNING * * *
The spatial maelstrom hits you!
* * * LOW HITPOINT WARNING * * *
You scratch the spatial maelstrom.
The spatial maelstrom is lightly damaged.
The spatial maelstrom hits you!
You die...
Xom cackles wildly! ### #@# #v# #XX

#...XXX#
..........
###.####...
# ... #...
.v .


You could see 5 starcursed masses and a spatial maelstrom.

Vanquished Creatures
  Pikel (D:6)
  Joseph (D:7)
  The ghost of boben the Shield-Bearer, a novice GnFi of Ashenzari (D:6)
  Prince Ribbit (D:6)
  3 raiju (Abyss:1)
  Eustachio (D:6)
  Menkaure (D:6)
  A phantom (D:6)
  2 ogres (D:5)
  5 big kobolds (D:7)
  4 bullfrogs
  A water moccasin zombie (D:6)
  A killer bee (D:4)
  A bullfrog zombie (D:5)
  2 hounds
  A centaur skeleton (D:7)
  Crazy Yiuf (D:3)
  A bullfrog skeleton (D:6)
  Jessica (D:3)
  2 iguanas
  5 orc wizards (D:5)
  4 worker ants
  A hound skeleton (D:7)
  A worker ant zombie (D:6)
  A howler monkey skeleton (D:6)
  10 adders
  3 river rats (D:5)
  An adder skeleton (D:7)
  4 worms
  5 leopard geckos
  7 orcs
  4 bats
  4 giant cockroaches
  10 goblins
  13 hobgoblins
  10 jackals
  11 kobolds
  3 quokkas
  6 ball pythons
  4 frilled lizards
  A quokka skeleton (D:5)
  4 rats
144 creatures vanquished.

Vanquished Creatures (others)
  A plant (D:4)
1 creature vanquished.

Grand Total: 145 creatures vanquished

Notes
Turn   | Place    | Note
-------+----------+-------------------------------------------
     0 | D:1      | Descartes the Troll Chaos Knight began the quest for the
                  | Orb.
     0 | D:1      | Reached XP level 1. HP: 22/22 MP: 0/0
    74 | D:1      | Reached XP level 2. HP: 29/29 MP: 1/1
   117 | D:1      | XOM: silly message
   572 | D:1      | XOM: god gift: 35 gold pieces
   625 | D:1      | Reached XP level 3. HP: 34/36 MP: 2/2
   780 | D:1      | XOM: give mutations
   780 | D:1      | Gained mutation: Your body sometimes deteriorates upon
                  | taking damage. [Xom's mischief]
   780 | D:1      | Gained mutation: Your system is resistant to poisons.
                  | (rPois) [Xom's mischief]
   780 | D:1      | Gained mutation: You are weak. (Str -2) [Xom's mischief]
   780 | D:1      | Gained mutation: Your body often deteriorates upon taking
                  | damage. [Xom's mischief]
   955 | D:2      | XOM: divination: magic mapping
  1080 | D:2      | XOM: divination: magic mapping
  1126 | D:2      | XOM: 1-stop teleportation journey
  1333 | D:2      | XOM is BORED!
  1333 | D:2      | XOM: summons 2 hostile demons
  1376 | D:2      | Reached XP level 4. HP: 45/45 MP: 3/3
  1469 | D:2      | XOM: summons 3 hostile demons
  1626 | D:3      | Noticed Jessica
  1630 | D:3      | Killed Jessica
  1694 | D:3      | Reached skill level 4 in Unarmed Combat
  2009 | D:3      | Reached XP level 5. HP: 45/53 MP: 4/4
  2191 | D:3      | Found a runed translucent door.
  2192 | D:3      | Noticed Crazy Yiuf
  2510 | D:3      | Found a stormy altar of Qazlal.
  2907 | D:3      | Killed Crazy Yiuf
  3001 | D:4      | XOM: silly message
  3160 | D:4      | XOM: cleaving
  3161 | D:4      | XOM: polymorph howler monkey -> quokka
  3163 | D:4      | Reached XP level 6. HP: 49/62 MP: 5/5
  3226 | D:4      | XOM: polymorph ogre -> killer bee
  3445 | D:5      | Entered Level 5 of the Dungeon
  3515 | D:5      | Found a radiant altar of Vehumet.
  3541 | D:5      | XOM: confusion
  3553 | D:5      | Reached skill level 5 in Unarmed Combat
  3768 | D:5      | Reached XP level 7. HP: 71/71 MP: 6/6
  3795 | D:5      | XOM: give mutations
  3795 | D:5      | Gained mutation: You are frail. (-10% HP) [Xom's mischief]
  3795 | D:5      | Lost mutation: You are frail. (-10% HP) [Xom's mischief]
  3795 | D:5      | Gained mutation: Scrolls take you a little longer to read.
                  | [Xom's mischief]
  3868 | D:5      | XOM: stat loss: -1 Str (18/19)
  3973 | D:5      | XOM: give mutation
  3973 | D:5      | Gained mutation: You are partially covered in iridescent
                  | scales. (AC +2) [Xom's mischief]
  4075 | D:5      | XOM: chaos cloud
  4103 | D:5      | XOM: give mutations
  4103 | D:5      | Gained mutation: You evolve. [Xom's grace]
  4103 | D:5      | Lost mutation: You evolve. [Xom's grace]
  4103 | D:5      | Gained mutation: You are somewhat resistant to further
                  | mutation. [Xom's grace]
  4310 | D:5      | XOM: give mutations
  4310 | D:5      | Lost mutation: You are somewhat resistant to further
                  | mutation. [Xom's grace]
  4310 | D:5      | Gained mutation: You evolve. [Xom's grace]
  4310 | D:5      | Gained mutation: Your skin changes colour to match your
                  | surroundings (Stealth+). [Xom's grace]
  4326 | D:5      | XOM: god gift: iron wand {god gift}
  4381 | D:5      | Identified the Compendium of the Rocks
  4512 | D:6      | Found a staircase to the Ecumenical Temple.
  4515 | D:6      | Noticed Menkaure
  4521 | D:6      | Killed Menkaure
  4522 | D:6      | Reached skill level 5 in Fighting
  4522 | D:6      | Reached skill level 6 in Unarmed Combat
  4542 | D:6      | Noticed Pikel
  4550 | D:6      | XOM: cleaving
  4555 | D:6      | Killed Pikel
  4556 | D:6      | Reached skill level 5 in Dodging
  4556 | D:6      | Reached skill level 7 in Unarmed Combat
  4556 | D:6      | Reached XP level 8. HP: 68/80 MP: 7/7
  4799 | D:6      | Found a runed translucent door.
  4812 | D:6      | Noticed boben's ghost (novice GnFi)
  4829 | D:6      | XOM: summons friendly crimson imp
  4835 | D:6      | XOM: cleaving
  4843 | D:6      | Killed boben's ghost
  4844 | D:6      | Reached skill level 8 in Unarmed Combat
  4844 | D:6      | Reached XP level 9. HP: 64/88 MP: 8/8
  4919 | D:6      | Noticed Prince Ribbit
  4930 | D:6      | Killed Prince Ribbit
  5032 | D:6      | Noticed Eustachio
  5043 | D:6      | Killed Eustachio
  5155 | D:7      | XOM: give mutations
  5155 | D:7      | Gained mutation: You are strong-willed. (Will+) [Xom's
                  | grace]
  5155 | D:7      | Gained mutation: Your flesh is cold resistant. (rC+) [Xom's
                  | grace]
  5177 | D:7      | Noticed Joseph
  5179 | D:7      | XOM: enchant monster (good)
  5190 | D:7      | Killed Joseph
  5191 | D:7      | Reached skill level 9 in Unarmed Combat
  5285 | D:7      | XOM: god gift: 1275 gold pieces
  5310 | D:7      | Noticed Doot's ghost (novice DECj)
  5311 | D:7      | Found a runed translucent gate.
  5312 | D:7      | Found a runed translucent gate.
  5312 | D:7      | Found a runed translucent gate.
  5415 | D:7      | XOM: give mutations
  5415 | D:7      | Lost mutation: You are strong-willed. (Will+) [Xom's
                  | mischief]
  5415 | D:7      | Lost mutation: You evolve. [Xom's mischief]
  5415 | D:7      | Lost mutation: Your skin changes colour to match your
                  | surroundings (Stealth+). [Xom's mischief]
  5415 | D:7      | Gained mutation: You are frail. (-10% HP) [Xom's mischief]
  5523 | D:7      | Found Peprias's General Store.
  5527 | D:7      | Bought a potion of curing for 39 gold pieces
  5527 | D:7      | Bought a potion of invisibility for 104 gold pieces
  5631 | D:7      | XOM: enchant monster (bad)
  5707 | D:7      | XOM: draining
  5949 | D:7      | XOM: divination: detect items
  5966 | D:7      | XOM: summons 2 friendly demons
  5974 | D:7      | Cast into level 1 of the Abyss (big kobold)
  5989 | Abyss:1  | Noticed an efreet
  5990 | Abyss:1  | Found a runed translucent door.
  5991 | Abyss:1  | XOM: summons 9 friendly demons
  6127 | Abyss:1  | XOM: divine lightning
  6140 | Abyss:1  | Reached skill level 10 in Unarmed Combat
  6209 | Abyss:1  | Noticed a starcursed mass
  6214 | Abyss:1  | Noticed a spatial maelstrom
  6223 | Abyss:1  | Slain by a spatial maelstrom

Illustrated notes

Levels and vault maps discovered:
D:1:      wander_arrival_chamber, layout_loops_cross, serial_forest,
          infiniplex_forest_corner_1, infiniplex_forest_lined_2,
          infiniplex_forest_end_3, infiniplex_forest_lined_room_,
          infiniplex_forest_straight_5, minmay_hexomino_f4
D:2:      layout_loops_ring
D:3:      layout_basic, nicolae_qazlal_eye_of_the_storm, uniq_jessica,
          uniq_crazy_yiuf_cottage
D:4:      layout_rooms, guppyfry_early_lair_pool
D:5:      layout_basic, vehumet_crystals, portal_sewer_entry_e,
          minmay_a_box_with_orc_wizards_in_it
D:6:      layout_rooms, minmay_temple_entry_grid, ebering_ghost_sewer_d,
          grunt_ministairs_7, uniq_menkaure, uniq_eustachio,
          uniq_prince_ribbit1, uniq_pikel
D:7:      layout_loops_ring, serial_shops, shop, gammafunk_ghost_nasty_kobolds,
          uniq_joseph
Abyss:1:  base: D:7, minivault_13

Skill      XL: |  1  2  3  4  5  6  7  8  9 |
---------------+----------------------------+-----
Dodging        | 2 3 4 5 6 8 |  8.2
Fighting       | 3 4 5 |  5.0
Unarmed Combat | 4 5 7 8 10 | 10.0

Action                   |  1- 3 |  4- 6 |  7- 9 || total
-------------------------+-------+-------+-------++-------
Melee: Unarmed           |   146 |   175 |   244 ||   565
       Punch             |     1 |     4 |     6 ||    11
  Use: Scroll            |       |    10 |     9 ||    19
       Potion            |       |       |     5 ||     5
 Stab: Sleeping          |       |       |     2 ||     2
       Petrified         |       |       |     6 ||     6
Armor: Robe              |    56 |    64 |    85 ||   205
Dodge: Dodged            |    83 |    85 |   106 ||   274
Block: Other             |       |     5 |    43 ||    48
       Reflection        |       |       |     4 ||     4
